 Dungeon Crawl Stone Soup version 0.19-a0-1216-g363869b (webtiles) character file.

176 4thArraOfDagon the Ruffian (level 5, 0/50 HPs)
             Began as a Troll Monk on Aug 23, 2016.
             Slain by an orc
             ... wielding a +0 war axe
              (8 damage)
             ... on level 6 of the Dungeon.
             The game lasted 00:01:19 (291 turns).

4thArraOfDagon the Ruffian (Troll Monk)              Turns: 291, Time: 00:01:19

Health: 0/50       AC:  5    Str: 19    XL:     5   Next: 30%
Magic:  4/4        EV: 10    Int:  7    God:
Gold:   16         SH:  0    Dex: 12    Spells: 0 memorised, 4 levels left

rFire  . . .     SeeInvis .       - Unarmed
rCold  . . .     Gourm    +     a - +0 robe
rNeg   . . .     Faith    .     (no shield)
rPois  .         Spirit   .     (helmet restricted)
rElec  .         Dismiss  .     (no cloak)
rCorr  .         Reflect  .     (gloves unavailable)
MR     .....     Harm     .     (boots unavailable)
Stlth  +.........               (no amulet)
                                (no ring)
                                (no ring)

@: lethally poisoned (0 -> 0)
A: unfitting armour, claws 3, fast metabolism 3, gourmand, regeneration 1,
shaggy fur 1, tough skin 2
a: no special abilities


You were on level 6 of the Dungeon.
You were not hungry.

You visited 1 branch of the dungeon, and saw 7 of its levels.

You collected 16 gold pieces.

Inventory:

Armour
 a - a +0 robe (worn)
Scrolls
 c - a scroll of enchant weapon {unknown}
 d - a scroll of blinking {unknown}
 e - a scroll of immolation {unknown}
 f - a scroll of identify {unknown}
Potions
 g - a potion of curing {unknown}
Comestibles
 b - 2 bread rations


   Skills:
 - Level 2.4 Fighting
 - Level 2.4 Dodging
 - Level 1.1 Stealth
 * Level 6.0 Unarmed Combat


You had 4 spell levels left.
You didn't know any spells.

Dungeon Overview and Level Annotations

Branches:
Dungeon (7/15)
 Temple: D:4-7

Altars:


Innate Abilities, Weirdness & Mutations

You are too large for most types of armour.
You have claws for hands.
Your metabolism is lightning-fast.
You like to eat raw meat.
Your natural rate of healing is unusually fast.
You are covered in fur. (AC +1)
You have very tough skin. (AC +2)


Message History

Unknown command.
You claw the orc priest!
You kill the orc priest!
Your Unarmed Combat skill increases to level 6!
You feel sick.
The orc wizard points at you and mumbles some strange words.
The magic dart hits you!
* * * LOW HITPOINT WARNING * * *
The orc hits you with a war axe.
* * * LOW HITPOINT WARNING * * *
Unknown command.
The orc wizard mumbles some strange words.
The orc wizard blinks!
The orc misses you.
Things that are here:
a leather armour; an orc corpse Unknown command.
The orc wizard hits you with a dagger.
* * * LOW HITPOINT WARNING * * *
The orc hits you with a war axe!
You die...

##+##
##...##
##.....##
##...<...##
#.........#
+.o†[>....+
#..@o.§...#
##.......##
##.....##
##...##
##+##


You could see an orc wizard and an orc.

Vanquished Creatures
  A scorpion (D:6)
  A crimson imp (D:5)
  A hound (D:5)
  An orc priest (D:6)
  A worker ant (D:5)
  2 giant cockroaches (D:5)
  A quokka (D:4)
  A giant gecko skeleton (D:5)
  A jackal zombie (D:5)
  A quokka zombie (D:5)
  2 rats
13 creatures vanquished.

Notes
Turn   | Place    | Note
-------+----------+-------------------------------------------
     0 | D:1      | 4thArraOfDagon the Troll Monk began the quest for the Orb.
     0 | D:1      | Reached XP level 1. HP: 22/22 MP: 0/0
    88 | D:3      | You fall through a shaft for 2 floors!
    88 | D:5      | Entered Level 5 of the Dungeon
    89 | D:5      | Noticed a crimson imp
   102 | D:5      | Killed a crimson imp
   102 | D:5      | Reached skill level 4 in Unarmed Combat
   102 | D:5      | Reached XP level 2. HP: 24/29 MP: 1/1
   102 | D:5      | Reached XP level 3. HP: 30/36 MP: 2/2
   184 | D:5      | Reached XP level 4. HP: 34/44 MP: 3/3
   187 | D:5      | Reached skill level 5 in Unarmed Combat
   270 | D:6      | Reached XP level 5. HP: 33/50 MP: 4/4
   289 | D:6      | Reached skill level 6 in Unarmed Combat
   291 | D:6      | Slain by an orc

Vault maps used:
D:1:      minmay_arrival_cross
D:2:      fiery_altar_vehumet, first_bread
D:3:      minmay_roachtagon, lemuel_round_altar, fedhas_altar_fruit_tree
D:4:      kennysheep_mini, serial_shops, kennysheep_mini_moat,
          nicolae_shop_temple_entry_statues_fountains
D:6:      old_standard_altar, basic_altar

Skill      XL: |  1  2  3  4  5 |
---------------+----------------+-----
Unarmed Combat | 4 5 6 |  6.0
Fighting       | |  2.4
Dodging        | |  2.4
Stealth        | |  1.1

Action                   |  1- 3 |  4- 6 || total
-------------------------+-------+-------++-------
Melee: Unarmed           |    25 |    21 ||    46
 Stab: Sleeping          |       |     1 ||     1
Armor: Robe              |    16 |     6 ||    22
Dodge: Dodged            |    11 |     8 ||    19
